 Dungeon Crawl Stone Soup version 0.32-a0-120-gfac0567ad4 (webtiles) character file.

Game seed: 11710613322227568163

55 octoduck the Cudgeller (level 3, 0/54 HPs)
             Began as an Oni Warper on Feb 7, 2024.
             Slain by Terence
             ... wielding a +0 flail
              (4 damage)
             ... on level 3 of the Dungeon.
             The game lasted 00:06:54 (2318 turns).

octoduck the Cudgeller (Oni Warper)                 Turns: 2318, Time: 00:06:55

Health: 0/54       AC:  3    Str: 17    XL:     3   Next: 93%
Magic:  6/6        EV:  9    Int: 14    God:
Gold:   111        SH:  0    Dex:  8    Spells: 2/6 levels left

rFire   . . .        a - +0 mace (flame)
rCold   . . .        (no shield)
rNeg    . . .        b - +0 robe
rPois   .            (helmet restricted)
rElec   .            (no cloak)
rCorr   .            (gloves unavailable)
SInv    .            (boots unavailable)
Will    .....        (no amulet) Stlth
                     (no ring)
HPRegen 0.29/turn    (no ring)
MPRegen 0.10/turn

%: no passive effects
@: berserking, very quick
A: large, unfitting armour, horns 1, tough skin 1, double potion healing,
drunken brawling
a: no special abilities


You were on level 3 of the Dungeon.
You visited 1 branch of the dungeon, and saw 3 of its levels.

You collected 111 gold pieces.

Inventory:

Hand Weapons
 a - a +0 mace of flaming (weapon)
Missiles
 d - 6 darts of dispersal (quivered)
 k - a javelin
 n - 3 poisoned darts
Armour
 b - a +0 robe (worn)
Wands
 p - a wand of iceblast (12)
Scrolls
 c - a scroll of blinking
 f - 2 scrolls of acquirement {unknown}
 h - 2 scrolls of identify
 i - a scroll of immolation {unknown}
 j - a scroll of revelation {unknown}
 l - a scroll of poison {unknown}
 m - 2 scrolls of teleportation {unknown}
 o - a scroll of noise {unknown}
Potions
 g - a potion of enlightenment {unknown}
 q - a potion of curing {unknown}
 r - 2 potions of magic {unknown}


   Skills:
 - Level 2.6 Fighting
 * Level 3.5 Maces & Flails
 - Level 1.0 Throwing
 - Level 2.1 Dodging
 - Level 2.4 Spellcasting
 + Level 3.3 Translocations


You had 2 spell levels left.
You knew the following spells:

 Your Spells              Type           Power      Damage    Failure   Level
a - Blink                 Tloc           20%        N/A       9%          2
b - Lesser Beckoning      Tloc           20%        N/A       9%          2

Your spell library contained the following spells:

 Spells                   Type           Power      Damage    Failure   Level
 Teleport Other           Tloc           10%        N/A       19%         3
 Manifold Assault         Tloc           10%        N/A       52%         4
 Vhi's Electric Charge    Tloc/Air       12%        N/A       75%         4


Dungeon Overview and Level Annotations

Branches:
Dungeon (3/15)

Altars:
Fedhas
Hepliaklqana
Makhleb

Annotations:
D:3 Terence


Innate Abilities, Weirdness & Mutations

You are too large for most types of armour.
You have a pair of small horns on your head.
You have tough skin. (AC +1)
You gain doubled healing and magic from potions.
Whenever you drink a healing potion, you attack all around you.


Message History

Aim: Terence, wielding a +0 flail and wearing a +0 scale mail (54% to hit)
You throw a javelin.
The javelin hits Terence and shatters, but does no damage.
Throw: javelin
Press: ? - help, Shift-Dir - straight line, f/p - Terence
Aim: Terence, wielding a +0 flail and wearing a +0 scale mail (54% to hit)
Okay, then.
Aiming: Iceblast
Press: ? - help, Shift-Dir - straight line, f/p - Terence
Aim: Terence, wielding a +0 flail and wearing a +0 scale mail The mass of ice explodes!
The iceblast engulfs Terence.
Terence is moderately wounded.
You barely miss Terence. You headbutt Terence, but do no damage.
Terence is moderately wounded.
Terence hits you with a +0 flail.
You hit Terence but do no damage.
Terence is moderately wounded.
Terence hits you with a +0 flail! Terence hits you with a +0 flail.
You sock Terence! You burn Terence.
Terence is almost dead.
Terence barely misses you.
You closely miss Terence.
Terence is almost dead.
Terence hits you with a +0 flail!
* * * LOW HITPOINT WARNING * * *
You hit Terence but do no damage.
Terence is almost dead.
Terence says, "Don't bother to defend, it's senseless."
Terence closely misses you.
You closely miss Terence.
Terence is almost dead.
Terence hits you with a +0 flail!
* * * LOW HITPOINT WARNING * * *
A red film seems to cover your vision as you go berserk!
You feel yourself moving faster!
You feel mighty! Terence closely misses you.
You closely miss Terence. You punch Terence.
Terence is almost dead.
Terence hits you with a +0 flail.
You die...
Terence says, "That felt goooood."

#######.#...## ###
#....... ..#
#..#...# #.#
#..#...# #.#
####..#...# #.#
#....##...## #.#
###.##..#†...# #.#
...§§........# #@#
§≈§§§≈≈≈§§...# #@#
≈.§§..§.§§##.# #>#
≈.###§#.≈.##.###.#
§.#...#.§§.......#
§.#._.#.§§##.#####
≈§#...#.§§##.#
§.#. #.≈.##.# §...
.. #.# ≈≈.≈≈≈ #.#


You could see Terence.

Vanquished Creatures
  An adder (D:2)
  3 dart slugs (D:1)
  A ribbon worm (D:2)
  5 bats
  3 endoplasms (D:1)
  8 goblins
  2 hobgoblins (D:2)
  4 kobolds
  3 quokkas
  4 ball pythons
  A rat (D:2)
35 creatures vanquished.

Notes
Turn   | Place    | Note
-------+----------+-------------------------------------------
     0 | D:1      | octoduck the Oni Warper began the quest for the Orb.
     0 | D:1      | Reached XP level 1. HP: 22/22 MP: 3/3
   265 | D:1      | Reached XP level 2. HP: 27/29 MP: 5/5
   664 | D:1      | Reached XP level 3. HP: 35/36 MP: 6/6
   824 | D:2      | Found a hazy altar of Hepliaklqana.
   899 | D:2      | Learned a level 2 spell: Blink
   902 | D:2      | Learned a level 2 spell: Lesser Beckoning
  2160 | D:3      | Found a burning altar of Makhleb.
  2287 | D:3      | Found a blossoming altar of Fedhas.
  2305 | D:3      | Noticed Terence
  2318 | D:3      | Slain by Terence

Illustrated notes

Levels and vault maps discovered:
D:1:      saegor_arrival_simple_d, layout_basic
D:2:      layout_basic, basic_altar, minmay_goblin_kobold_house
D:3:      layout_loops_ring, mainiacjoe_overflow_brackets,
          general_overflow_altar, basic_ecumenical_altar, serial_shops,
          nicolae_shop_competitors_out_of_business, uniq_terence

Skill      XL: |  1  2 |
---------------+-------+-----
Translocations | 3 |  3.3
Maces & Flails | 3 |  3.5
Fighting       | |  2.6
Throwing       | |  1.0
Dodging        | |  2.1
Spellcasting   | |  2.4

Action                     || total
---------------------------++-------
  Melee: Mace              ||    92
         Headbutt          ||    13
         Punch             ||     3
  Throw: Dart              ||     1
         Javelin           ||     1
   Cast: Lesser Beckoning  ||     1
  Evoke: Wand              ||     1
    Use: Scroll            ||     2
         Potion            ||     1
 Armour: Robe              ||    49
  Dodge: Dodged            ||    36

Table legend: (Time is in decaauts)
 A = Elapsed time spent in this place.
 B = Non-inter-level travel time spent in this place.
 C = Inter-level travel time spent in this place.
 D = Time resting spent in this place.
 E = Time spent auto-exploring this place.
 F = Levels seen in this place.
 G = Mean time per level.
                   A        B        C        D        E       F      G
               +--------+--------+--------+--------+--------+-----+--------+
         Total |   2341 |   2008 |    333 |    210 |   1341 |   3 |  780.3 |
       Dungeon |   2341 |   2008 |    333 |    210 |   1341 |   3 |  780.3 |
               +--------+--------+--------+--------+--------+-----+--------+

Top non-repeatable levels by time:
     D:2: 1339 daAuts
     D:1: 793 daAuts
     D:3: 208 daAuts
